 Dungeon Crawl Stone Soup version 0.32-a0-913-g739538afd8 (console) character file.

Game seed: 2715933134602140561

4 petzl the Sneak (level 1, 0/18 HPs)
             Began as a Formicid Delver on Apr 8, 2024.
             Slain by a goblin
             ... wielding a +0 club
             ... led by Robin
              (3 damage)
             ... on level 4 of the Dungeon.
             The game lasted 00:02:06 (222 turns).

petzl the Sneak (Formicid Delver)                    Turns: 222, Time: 00:02:07

Health: 0/18       AC:  3    Str: 16    XL:     1   Next: 66%
Magic:  1/1        EV: 11    Int:  9    God:
Gold:   0          SH:  0    Dex: 15    Spells: 0/0 levels left

rFire   . . .        a - +0 mace
rCold   . . .        (no shield)
rNeg    . . .        b - +0 leather armour
rPois   .            (helmet unavailable)
rElec   .            (no cloak)
rCorr   .            (no gloves)
SInv    +            (no boots)
Will    .....        (no amulet)
Stlth   +++          (no ring)
HPRegen 0.23/turn    (no ring)
MPRegen 0.07/turn

%: no passive effects
@: no status effects
A: permanent stasis, dig shafts and tunnels, antennae 3, four strong arms
a: Dig, Shaft Self


You were on level 4 of the Dungeon.
You visited 1 branch of the dungeon, and saw 3 of its levels.

Inventory:

Hand Weapons
 a - a +0 mace (weapon)
Armour
 b - a +0 leather armour (worn)
Wands
 f - a wand of digging (3)
Scrolls
 c - a scroll of fog
 d - a scroll of revelation
 e - a scroll of fear


   Skills:
 + Level 3.3 Fighting
 + Level 2.1 Maces & Flails
 + Level 1.8 Dodging
 + Level 6.1 Stealth


You couldn't memorise any spells.
You didn't know any spells.
Your spell library was empty.

Dungeon Overview and Level Annotations

Branches:
Dungeon (6/15)
 Temple: D:4-7

Altars:

Shops:
D:4 *

Annotations:
D:4 exclusion: downstairs
D:5 exclusion: downstairs


Innate Abilities, Weirdness & Mutations

You cannot be hasted, slowed, berserked, paralysed or teleported.
You can dig through walls and to a lower floor.
You have a pair of large antennae on your head. (SInv)
Your four strong arms can wield two-handed weapons with a shield.


Message History

There is an entrance to Uhoedd's Assorted Antiques here.
There is a stone staircase leading down here.
You open the door.
There is an open door here.
You sense a monster nearby.
Found a stone staircase leading down.
A goblin comes into view. It is wielding a +0 club.
The goblin shouts!
You hear a shout! x3; You hear an angry hiss.
A goblin comes into view. It is wielding a +0 club.
You hear a shout!
You barely miss the goblin. The goblin misses you.
You hit the goblin.
The goblin is severely wounded.
The goblin hits you but does no damage.
You hit the goblin.
You kill the goblin!
Unknown command.
You see here a +0 club.
Found a scroll labelled CIR MORECEGOA.
A goblin comes into view. It is wielding a +0 dagger.
The goblin shouts!
You hear a shout!
You hear an angry hiss.
You hear a shout! x2
You sock the goblin!
You kill the goblin!
You see here a +0 dagger {!f =f}.
A goblin comes into view. It is wielding a +0 club.
The goblin shouts!
You hear a shout!
You see here a +0 dagger {!f =f}.
You barely miss the goblin. The goblin misses you.
You closely miss the goblin. The goblin hits you but does no damage.
You closely miss the goblin. The goblin closely misses you.
The goblin hits you with a +0 club. The goblin hits you but does no damage.
The goblin hits you with a +0 club.
You hit the goblin.
You kill the goblin!
The goblin hits you with a +0 club.
You barely miss the goblin. The goblin hits you with a +0 club.
You barely miss the goblin. The goblin hits you with a +0 club.
* * * LOW HITPOINT WARNING * * *
The goblin hits you with a +0 club.
You die...

..# #+#.# ## ###.#.#
..# #...#.## ###.#
r...#.. ..#.# {....#
##.#.###.#
####++####........#
+..∩..>..'..#.######
############.......#
.....######..####.#
...................#
.....#######....#..#
.....# #....#@)#
....[# #....#)g#
...{.# #....#..#
########....#).#
#.........g....#
..?...###########.#
.....,#...........#
.... #.###########
..g #.# .., #.# .{
#.# # #.# ....###.#
........# ..>.#####
.#


You could see a goblin.

Vanquished Creatures
  3 goblins (D:4)
3 creatures vanquished.

Notes
Turn   | Place    | Note
-------+----------+-------------------------------------------
     0 | D:5      | petzl the Formicid Delver began the quest for the Orb.
     0 | D:5      | Reached XP level 1. HP: 18/18 MP: 1/1
    14 | D:6      | Noticed a sleepcap
    27 | D:5      | Noticed a phantom
    32 | D:4      | Found Uhoedd's Assorted Antiques.
    51 | D:4      | Noticed a scorpion
   222 | D:4      | Slain by a goblin

Illustrated notes

Levels and vault maps discovered:
D:4:      layout_basic, fedhas_altar_3, minitemple,
          minmay_temple_entry_overgrown, serial_shops,
          nicolae_shop_hallway_stairs, uniq_robin
D:5:      layout_rooms, grunt_gozag_statues, serial_curves, eino_curves_02,
          eino_curves_04
D:6:      layout_loops_ring, lemuel_mausoleum_altar_kikubaaqudgha,
          nicolae_elyvilon_temple_path, mainiacjoe_overflow_small_starburst,
          gammafunk_ghost_smash

Action                     || total
---------------------------++-------
  Melee: Mace              ||    10
 Armour: Leather armour    ||     9
  Dodge: Dodged            ||     3

Table legend: (Time is in decaauts)
 A = Elapsed time spent in this place.
 B = Non-inter-level travel time spent in this place.
 C = Inter-level travel time spent in this place.
 D = Time resting spent in this place.
 E = Time spent auto-exploring this place.
 F = Levels seen in this place.
 G = Mean time per level.
                   A        B        C        D        E       F      G
               +--------+--------+--------+--------+--------+-----+--------+
         Total |    224 |    224 |      0 |      0 |      0 |   3 |   74.7 |
       Dungeon |    224 |    224 |      0 |      0 |      0 |   3 |   74.7 |
               +--------+--------+--------+--------+--------+-----+--------+

Top non-repeatable levels by time:
     D:4: 192 daAuts
     D:6: 20 daAuts
     D:5: 11 daAuts
